 Dungeon Crawl Stone Soup version 0.31-a0-841-g038b102fc3 (webtiles) character file.

Game seed: 367424627128446554

88 Aneyh the Cudgeller (level 4, -3/28 HPs)
             Began as a Tengu Monk on Sept 28, 2023.
             Slain by a gnoll
             ... wielding a +0 whip
              (9 damage)
             ... on level 3 of the Dungeon.
             The game lasted 00:02:33 (1392 turns).

Aneyh the Cudgeller (Tengu Monk)                    Turns: 1392, Time: 00:02:34

Health: -3/28      AC:  3    Str: 13    XL:     4   Next: 53%
Magic:  5/5        EV: 13    Int: 10    God:
Gold:   124        SH:  0    Dex: 17    Spells: 3/3 levels left

rFire   . . .        a - +0 mace
rCold   . . .        (no shield)
rNeg    . . .        b - +1 robe
rPois   .            (helmet restricted)
rElec   .            (no cloak)
rCorr   .            (no gloves)
SInv    .            (boots unavailable)
Will    .....        (no amulet)
Stlth   +            (no ring)
HPRegen 0.24/turn    (no ring)
MPRegen 0.09/turn

%: acrobat
@: confused, ambrosia-drunk
A: beak, talons 3, acrobatic
a: no special abilities


You were on level 3 of the Dungeon.
You visited 1 branch of the dungeon, and saw 3 of its levels.

You collected 124 gold pieces.

Inventory:

Hand Weapons
 a - a +0 mace (weapon)
Missiles
 q - 3 boomerangs
Armour
 b - a +1 robe (worn)
 d - an orb of light
Jewellery
 i - a ring of protection from fire
 k - a ring of poison resistance
Scrolls
 l - a scroll of poison
 n - 2 scrolls of teleportation
Potions
 e - 2 potions of lignification
 f - 2 potions of mutation {unknown}
 g - 3 potions of attraction {unknown}
 p - a potion of degeneration {unknown}


   Skills:
 - Level 3.0 Fighting
 + Level 5.7 Maces & Flails
 - Level 3.2 Dodging


You had 3 spell levels left.
You didn't know any spells.
Your spell library was empty.

Dungeon Overview and Level Annotations

Branches:
Dungeon (3/15)

Altars:
Makhleb


Innate Abilities, Weirdness & Mutations

You have a beak for a mouth.
You have claws for feet.
You can magically evade attacks while moving or waiting.


Message History

You sock the gnoll!
You kill the gnoll!
Items here: ))) ††.
An endoplasm comes into view.
Found a short sword.
The endoplasm misses you.
You closely miss the gnoll. The endoplasm barely misses you.
The gnoll hits you with a +0 whip.
You barely miss the gnoll. You peck the gnoll.
The gnoll is lightly wounded.
The gnoll hits you with a +0 whip!
The endoplasm hits you but does no damage.
You hit the gnoll. Your peck misses the gnoll.
The gnoll is heavily wounded.
The endoplasm hits you but does no damage.
The gnoll hits you with a +0 whip.
You completely miss the gnoll. You claw the gnoll, but do no damage.
You peck the gnoll.
The gnoll is severely wounded.
The endoplasm freezes you.
You are frozen.
The gnoll barely misses you.
You closely miss the gnoll.
The gnoll is severely wounded.
The gnoll closely misses you. The endoplasm barely misses you.
You barely miss the gnoll. You claw the gnoll, but do no damage.
The gnoll is severely wounded.
The gnoll misses you. The endoplasm freezes you.
You are frozen.
The gnoll hits you with a +0 whip!
* * * LOW HITPOINT WARNING * * *
The endoplasm misses you.
You completely miss the gnoll. Your kick misses the gnoll.
You peck the gnoll, but do no damage.
The gnoll is severely wounded.
The endoplasm closely misses you. The gnoll hits you with a +0 whip.
* * * LOW HITPOINT WARNING * * *
You are confused.
You feel invigorated. The endoplasm barely misses you.
The gnoll hits you with a +0 whip!
You die...

####### #.#.#.#
#.....[ #.#.#.#
#......######.#.#.#
#...........#.#.#.#
...........)+.#.#.#
........... #..§..#
#......#.####..§§§#
####......†.§.##
#...@.......§.+
#..gJ..###....#
#......# #....#
#....?.# #....#
#....... ######
..........
#######....# #....#
.....#


You could see a gnoll and an endoplasm.

Vanquished Creatures
  3 gnolls (D:3)
  2 adders
  A worm (D:2)
  2 endoplasms (D:2)
  2 giant cockroaches
  3 goblins
  4 hobgoblins
  3 quokkas
  4 ball pythons
  2 bats (D:1)
  5 frilled lizards
  6 kobolds
  4 rats
41 creatures vanquished.

Notes
Turn   | Place    | Note
-------+----------+-------------------------------------------
     0 | D:1      | Aneyh the Tengu Monk began the quest for the Orb.
     0 | D:1      | Reached XP level 1. HP: 14/14 MP: 2/2
   335 | D:1      | Reached XP level 2. HP: 19/19 MP: 3/3
   339 | D:1      | Reached skill level 4 in Maces & Flails
   645 | D:1      | Reached XP level 3. HP: 16/23 MP: 4/4
   862 | D:2      | Reached skill level 5 in Maces & Flails
   899 | D:2      | Found a burning altar of Makhleb.
  1335 | D:3      | Reached XP level 4. HP: 28/28 MP: 5/5
  1391 | D:3      | HP: 1/28 [gnoll/+0 whip (3)]
  1392 | D:3      | Slain by a gnoll

Illustrated notes

Levels and vault maps discovered:
D:1:      psy_arrival_dodecagon, layout_basic
D:2:      layout_rooms, basic_altar
D:3:      layout_basic, nicolae_yredelemnul_ghost_church, gup_sewer_entry_spiral

Skill      XL: |  1  2  3 |
---------------+----------+-----
Maces & Flails | 4 5 |  5.7
Fighting       | |  3.0
Dodging        | |  3.2

Action                     |  1- 3 |  4- 6 || total
---------------------------+-------+-------++-------
  Melee: Mace              |    77 |    16 ||    93
         Kick              |    12 |     6 ||    18
         Peck              |     9 |     3 ||    12
    Use: Scroll            |     3 |     5 ||     8
         Potion            |       |     1 ||     1
   Stab: Sleeping          |     3 |       ||     3
 Armour: Robe              |    24 |    11 ||    35
  Dodge: Dodged            |    61 |    23 ||    84

Table legend: (Time is in decaauts)
 A = Elapsed time spent in this place.
 B = Non-inter-level travel time spent in this place.
 C = Inter-level travel time spent in this place.
 D = Time resting spent in this place.
 E = Time spent auto-exploring this place.
 F = Levels seen in this place.
 G = Mean time per level.
                   A        B        C        D        E       F      G
               +--------+--------+--------+--------+--------+-----+--------+
         Total |   1410 |   1340 |     70 |    153 |    864 |   3 |  470.0 |
       Dungeon |   1410 |   1340 |     70 |    153 |    864 |   3 |  470.0 |
               +--------+--------+--------+--------+--------+-----+--------+

Top non-repeatable levels by time:
     D:1: 714 daAuts
     D:2: 614 daAuts
     D:3: 81 daAuts
